 Dungeon Crawl Stone Soup version 0.25-a0-98-g0cf78c2f83 (webtiles) character file.

Game seed: 10794879987962903322, levelgen mode: deterministic

65 sankara the Chiller (level 4, -2/35 HPs)
             Began as a Ghoul Ice Elementalist on Nov 13, 2019.
             Slain by a gnoll (5 damage)
             ... on level 2 of the Dungeon.
             The game lasted 00:06:11 (1281 turns).

sankara the Chiller (Ghoul Ice Elementalist)        Turns: 1281, Time: 00:06:12

Health: -2/35      AC:  5    Str: 11    XL:     4   Next: 14%
Magic:  0/6        EV: 11    Int: 11    God:
Gold:   74         SH:  3    Dex: 12    Spells: 4/8 levels left

rFire    . . .     SeeInvis .   a - +0 hand axe (flame)
rCold    + . .     Gourm    .   m - +0 buckler
rNeg     + + +     Faith    .   p - +0 robe
rPois    ∞         Spirit   .   k - +2 helmet
rElec    .         Reflect  .   (no cloak)
rCorr    .         Harm     .   (no gloves)
MR       .....                  (no boots)
Stlth    ++........             (no amulet)
HPRegen  0.00/turn              o - +3 ring of dexterity
MPRegen  0.10/turn              (no ring)

@: about to teleport, rotting
A: rotting body, claws 1, carnivore, cold resistance 1, negative energy
resistance 3, inhibited regeneration, torment resistance, unbreathing
a: no special abilities


You were on level 2 of the Dungeon.
You were not hungry.

You visited 1 branch of the dungeon, and saw 2 of its levels.

You collected 74 gold pieces.

Inventory:

Hand Weapons
 a - a +0 hand axe of flaming (weapon)
   (You found it on level 2 of the Dungeon)
 e - a +0 hunting sling
   (You found it on level 1 of the Dungeon)
Armour
 i - a +0 helmet
   (You found it on level 1 of the Dungeon)
 k - a +2 helmet (worn)
   (You found it on level 1 of the Dungeon)
 m - a +0 buckler (worn)
   (You found it on level 2 of the Dungeon)
 p - a +0 robe (worn)
Jewellery
 o - a +3 ring of dexterity (left claw)
   (You found it on level 2 of the Dungeon)
Scrolls
 d - a scroll of enchant weapon {unknown}
 f - 2 scrolls of amnesia
Potions
 b - a potion of degeneration {unknown}
 j - a potion of flight {unknown}
 l - a potion of invisibility {unknown}
 n - a potion of curing
Comestibles
 c - 8 rations


   Skills:
 + Level 1.0 Fighting
 * Level 0.0 Axes
 - Level 1.7 Dodging
 - Level 2.1 Stealth
 + Level 0.6 Shields
 + Level 2.5 Spellcasting
   Level 0.7 Conjurations
 + Level 0.6 Charms
 + Level 4.1 Ice Magic


You had 4 spell levels left.
You knew the following spells:

 Your Spells              Type           Power        Failure   Level  Hunger
a - Freeze                Ice            ##..         8%          1    ##.....
b - Ozocubu's Armour      Chrm/Ice       #.......     43%         3    ####...

Your spell library contained the following spells:

 Spells                   Type           Power        Failure   Level  Hunger
 Throw Frost              Conj/Ice       #.....       22%         2    ###....
 Throw Icicle             Conj/Ice       #.......     83%         4    #####..
 Summon Ice Beast         Ice/Summ       #.......     87%         4    #####..


Dungeon Overview and Level Annotations

Branches:
Dungeon (2/15)

Altars:


Innate Abilities, Weirdness & Mutations

Your body is rotting away.
You thrive on raw meat.
You are immune to poison.
You have sharp fingernails.
You are carnivorous and can eat meat at any time.
Your flesh is cold resistant. (rC+)
You are immune to negative energy. (rN+++)
You do not regenerate when monsters are visible.
You are immune to unholy pain and torment.
You can survive without breathing.


Message History

You feel your flesh rotting away.
You start resting.
Eating a chunk of flesh {@w0}.
You eat the chunk of flesh {@w0}.
You feel more resilient.
This raw flesh tastes great!
Magic restored.
HP restored.
A frilled lizard and a gnoll come into view.
The frilled lizard hisses angrily.
A gnoll comes into view.
The gnoll picks up an inky potion.
Casting: Freeze (safe; 8% risk of failure)
Confirm with . or Enter, or press ? or * to list all spells.
A film of ice covers your body!
The gnoll shouts!
A gnoll comes into view. It is wielding a +0 spear.
Your icy armour cracks and falls away as you move.
The gnoll shouts!
The frilled lizard misses you.
Casting: Ozocubu's Armour (slightly dangerous; 43% risk of failure)
Confirm with . or Enter, or press ? or * to list all spells.
Aiming: Freeze (safe; 8% risk of failure)
Press: ? - help, Shift-Dir - straight line, f - frilled lizard
Aim: a frilled lizard
Okay, then.
You closely miss the frilled lizard. The frilled lizard closely misses you.
Casting: Freeze (safe; 8% risk of failure)
Confirm with . or Enter, or press ? or * to list all spells.
Aiming: Freeze (safe; 8% risk of failure)
Press: ? - help, Shift-Dir - straight line, f - gnoll
Aim: a gnoll, wielding a +0 flail You freeze the gnoll.
The gnoll is moderately wounded.
You block the frilled lizard's attack. You block the gnoll's attack.
You hit the gnoll. You burn the gnoll.
The gnoll is heavily wounded.
You closely miss the frilled lizard.
The frilled lizard bites you but does no damage.
The gnoll barely misses you.
You hit the gnoll. You burn the gnoll.
The gnoll is almost dead.
You barely miss the frilled lizard. The frilled lizard barely misses you.
The gnoll barely misses you. The frilled lizard barely misses you.
The gnoll hits you from afar with a +0 spear.
Your shield prevents you from hitting the gnoll.
The gnoll is almost dead.
You hit the gnoll. You burn the gnoll. You closely miss the frilled lizard.
The gnoll drinks a potion.
The gnoll is healed!
The frilled lizard bites you but does no damage.
The gnoll hits you!
The gnoll hits you from afar with a +0 spear.
Casting: Freeze (safe; 8% risk of failure)
Confirm with . or Enter, or press ? or * to list all spells.
Aiming: Freeze (safe; 8% risk of failure)
Press: ? - help, Shift-Dir - straight line, f/p - gnoll
Aim: a gnoll, wielding a +0 flail You freeze the gnoll.
The gnoll is lightly wounded.
You block the gnoll's attack.
The frilled lizard unfolds its giant frill.
The frilled lizard closely misses you. The gnoll barely misses you.
The gnoll completely misses you.
Casting: Freeze (safe; 8% risk of failure)
Confirm with . or Enter, or press ? or * to list all spells.
Aiming: Freeze (safe; 8% risk of failure)
Press: ? - help, Shift-Dir - straight line, f/p - gnoll
Aim: a gnoll, wielding a +0 flail (lightly wounded)
You freeze the gnoll.
The gnoll is moderately wounded.
The frilled lizard barely misses you. The gnoll barely misses you.
The gnoll hits you. The gnoll barely misses you.
Casting: Freeze (safe; 8% risk of failure)
Confirm with . or Enter, or press ? or * to list all spells.
Aiming: Freeze (safe; 8% risk of failure)
Press: ? - help, Shift-Dir - straight line, f/p - gnoll
Aim: a gnoll, wielding a +0 flail (moderately wounded)
You freeze the gnoll.
The gnoll is heavily wounded.
The frilled lizard misses you. The gnoll hits you but does no damage.
The gnoll hits you from afar with a +0 spear!
* * * LOW HITPOINT WARNING * * *
The gnoll barely misses you.
Casting: Freeze (safe; 8% risk of failure)
Confirm with . or Enter, or press ? or * to list all spells.
You don't have enough magic to cast that spell.
Unknown command.
As you read the scroll labeled OQELUD BATRA, it crumbles to dust.
It is a scroll of amnesia.
Really abort (and waste the scroll)? [Y]es or [N]o only, please.
Really abort (and waste the scroll)?
Okay, then.
The frilled lizard bites you.
* * * LOW HITPOINT WARNING * * *
You block the gnoll's attack. The gnoll misses you.
The gnoll hits you with a +0 flail.
* * * LOW HITPOINT WARNING * * *
As you read the scroll labeled PEUBRY JASAMUI, it crumbles to dust.
You feel strangely unstable.
It was a scroll of teleportation.
The frilled lizard closely misses you. The gnoll hits you.
You die...

#................
#................
#................
#................
#........########
..........#######.
....####..).......
... ###..........
.. #@g.>........
.....glg##########.
........# ........#
.....##.# %.... #.#
%... #.# #### #.#


You could see 3 gnolls and a frilled lizard.

Vanquished Creatures
  A gnoll (D:1)
  3 adders (D:2)
  2 dart slugs (D:2)
  A leopard gecko (D:1)
  2 goblins (D:1)
  2 hobgoblins (D:2)
  3 kobolds
  7 bats
  2 frilled lizards
  5 rats
28 creatures vanquished.

Notes
Turn   | Place    | Note
-------+----------+-------------------------------------------
     0 | D:1      | sankara the Ghoul Ice Elementalist began the quest for the
                  | Orb.
     0 | D:1      | Reached XP level 1. HP: 14/14 MP: 2/2
   119 | D:1      | Reached skill level 2 in Spellcasting
   245 | D:1      | Reached XP level 2. HP: 20/20 MP: 4/4
   639 | D:1      | Reached XP level 3. HP: 23/26 MP: 5/5
   667 | D:1      | Reached skill level 4 in Ice Magic
   802 | D:1      | Learned a level 3 spell: Ozocubu's Armour
  1073 | D:2      | Reached XP level 4. HP: 16/34 MP: 0/6
  1163 | D:2      | Reached skill level 1 in Fighting
  1279 | D:2      | HP: 7/35 [gnoll/+0 spear (8)]
  1280 | D:2      | HP: 3/35 [gnoll/+0 flail (3)]
  1281 | D:2      | Slain by a gnoll

Levels and vault maps discovered:
D:1:      dpeg_arrival_line_fractal, layout_rooms, kennysheep_boxes
D:2:      layout_basic, lemuel_zombie_altar_yredelemnul,
          minmay_misc_feat_encased

Skill      XL: |  1  2  3  4 |
---------------+-------------+-----
Spellcasting   | 2 |  2.5
Ice Magic      | 4 |  4.1
Fighting       | 1 |  1.0
Dodging        | |  1.7
Stealth        | |  2.1
Shields        | |  0.6
Conjurations   | |  0.7
Charms         | |  0.6

Action                   |  1- 3 |  4- 6 || total
-------------------------+-------+-------++-------
Melee: Unarmed           |    15 |       ||    15
       Whip              |    82 |     3 ||    85
       Hand axe          |       |    21 ||    21
 Cast: Freeze            |    16 |     8 ||    24
       Ozocubu's Armour  |       |     2 ||     2
  Use: Scroll            |       |     2 ||     2
 Stab: Sleeping          |     2 |     1 ||     3
  Eat: Chunk             |    10 |     4 ||    14
Armor: Robe              |    46 |    10 ||    56
Dodge: Dodged            |    80 |    24 ||   104
Block: Buckler           |     5 |     8 ||    13

Table legend:
 A = Non-vault XP
 B = Vault XP
 C = Vault XP percentage of total XP
 D = Non-vault monster count
 E = Vault monster count
 F = Vault count percentage of total count
                 A         B        C        D         E       F
            +---------+---------+-------+---------+---------+-------
      Total |      94 |       0 |   0.0 |      28 |       0 |   0.0
            +---------+---------+-------+---------+---------+-------
        D:1 |      37 |       0 |   0.0 |      17 |       0 |   0.0
        D:2 |      57 |       0 |   0.0 |      11 |       0 |   0.0
            +---------+---------+-------+---------+---------+-------

Levels and vault maps discovered:
D:1:      dpeg_arrival_line_fractal, layout_rooms, kennysheep_boxes
D:2:      layout_basic, lemuel_zombie_altar_yredelemnul,
          minmay_misc_feat_encased

Table legend:
 A = Turns spent in this place as a percentage of turns spent in the entire game.
 B = Non-inter-level travel turns spent in this place as a percentage of non-inter-level travel turns spent in the entire game.
 C = Inter-level travel turns spent in this place as a percentage of turns spent in this place.
 D = Turns resting spent in this place as a percentage of non-inter-level travel turns spent in this place.
 E = Turns spent auto-exploring this place as a percentage of non-inter-level travel turns spent in this place.
 F = Non-inter-level travel turns spent in this place divided by the number of levels of this place that you've seen.
                   A       B       C       D       E      F
               +-------+-------+-------+-------+-------+----------------------
         Total | 100.0 | 100.0 |   2.8 |  24.3 |  38.8 | 622.5
       Dungeon | 100.0 | 100.0 |   2.8 |  24.3 |  38.8 | 622.5
               +-------+-------+-------+-------+-------+----------------------

Table legend:
 A = Kills in this place as a percentage of kills in entire the game.
 B = Kills by you in this place as a percentage of kills by you in the entire game.
 C = Kills by friends in this place as a percentage of kills by friends in the entire game.
 D = Other kills in this place as a percentage of other kills in the entire game.
 E = Experience gained in this place as a percentage of experience gained in the entire game.
 F = Experience gained in this place divided by the number of levels of this place that you have seen.
                   A       B       C       D       E      F
               +-------+-------+-------+-------+-------+----------------------
         Total | 100.0 | 100.0 |   N/A |   N/A | 100.0 |  47.0
       Dungeon | 100.0 | 100.0 |   N/A |   N/A | 100.0 |  47.0
               +-------+-------+-------+-------+-------+----------------------
